 Dungeon Crawl Stone Soup version 0.31.0-12-g77e489cdc1 (webtiles) character file.

Game seed: 4822355693691566395

60 BigDaddyOpFi the Ducker (level 4, 0/31 HPs)
             Began as an Octopode Fighter on Feb 22, 2024.
             Slain by a gnoll
             ... wielding a +0 spear
              (6 damage)
             ... on level 2 of the Dungeon.
             The game lasted 00:01:45 (1397 turns).

BigDaddyOpFi the Ducker (Octopode Fighter)          Turns: 1397, Time: 00:01:46

Health: 0/31       AC:  5    Str: 15    XL:     4   Next: 4%
Magic:  4/4        EV: 13    Int: 10    God:
Gold:   58         SH:  6    Dex: 13    Spells: 3/3 levels left

rFire   . .          .
                       - Unarmed
rCold   . . .        a - +2 buckler
rNeg    . . .        (helmet restricted)
rPois   .            (no amulet)
rElec   .            g - ring of see invisible
rCorr   .            h - +4 ring of protection
SInv    +            (no ring)
Will    .....        (no ring)
Stlth   ++           (no ring)
HPRegen 0.25/turn    (no ring)
MPRegen 0.09/turn    (no ring)
                     (no ring)

%: no passive effects
@: no status effects
A: almost no armour, amphibious, 8 rings, camouflage 1, gelatinous body 1,
(nimble swimmer 1), tentacles
a: no special abilities


You were on level 2 of the Dungeon.
You visited 1 branch of the dungeon, and saw 2 of its levels.

You collected 58 gold pieces.

Inventory:

Missiles
 d - 5 poisoned darts (quivered)
Armour
 a - a +2 buckler (worn)
Jewellery
 g - a ring of see invisible (left tentacle)
 h - a +4 ring of protection (right tentacle)
Wands
 i - a wand of roots (3)
Scrolls
 c - a scroll of teleportation
 f - a scroll of identify {unknown}
 j - a scroll of revelation {unknown}
Potions
 b - a potion of might
 e - a potion of curing {unknown}


   Skills:
 + Level 3.3 Fighting
 + Level 0.8 Throwing
 + Level 3.3 Dodging
 + Level 3.3 Shields
 * Level 3.0 Unarmed Combat


You had 3 spell levels left.
You didn't know any spells.
Your spell library was empty.

Dungeon Overview and Level Annotations

Branches:
Dungeon (2/15)

Altars:


Innate Abilities, Weirdness & Mutations

You cannot wear most types of armour.
You are amphibious.
You can wear up to eight rings at the same time.
Your skin changes colour to match your surroundings (Stealth+).
Your rubbery body absorbs attacks. (AC +1, EV +1)
((You are camouflaged when in or above water. (Stealth+)))
You have tentacles for arms and can constrict up to eight enemies at once.


Message History

The gnoll hits you from afar with a +0 spear.
Unknown command.
You block the gnoll's attack.
The gnoll looks more healthy.
The endoplasm quivers.
The endoplasm jiggles.
You block the endoplasm's attack.
The endoplasm attacks as it pursues you!
The endoplasm hits you but does no damage.
There is a stone staircase leading up here.
The endoplasm freezes you.
You are frozen.
You climb upwards.
There is a stone staircase leading down here.
You tentacle-slap the endoplasm.
The endoplasm is heavily wounded.
The endoplasm barely misses you.
You barely miss the endoplasm.
The endoplasm is heavily wounded.
The endoplasm barely misses you.
You tentacle-slap the endoplasm.
You kill the endoplasm!
You start resting.
HP restored.
You start waiting.
Done waiting.
There is a stone staircase leading down here.
You climb downwards.
There is a stone staircase leading up here.
The gnoll hits you from afar with a +0 spear.
The gnoll completely misses you.
The gnoll hits you from afar with a +0 halberd.
There is a stone staircase leading up here.
You block the gnoll's attack. The gnoll hits you with a +0 halberd!
The gnoll closely misses you.
There is a stone staircase leading up, spattered with blood here.
The gnoll hits you with a +0 halberd!
* * * LOW HITPOINT WARNING * * *
The gnoll hits you from afar with a +0 spear.
You die...

.....###### #.#
......############ #.#
.............#...######## #.#
#.#.########............#### #.#
#.### ##.......#.......# #.# #.#
#.........)#####.# #.# #.#
##..........# #.###.#
#>########...........# #..##.#
..............gg@..#.# #..##.#
##########)#..gg..##.#####..##.#
##......##.........##.#
##.######.......#.##.#
#.######.......#.##.# ###
#..............#.##.# ..#
##g######..[....#.##.# #.# #.g.#
#.......#....# #.# #.#.#
#.......#..###


You could see 4 gnolls.

Vanquished Creatures
  An adder (D:2)
  A dart slug (D:2)
  A ribbon worm (D:2)
  6 ball pythons
  2 bats
  9 endoplasms
  3 giant cockroaches (D:1)
  3 goblins (D:2)
  2 hobgoblins
  3 quokkas
  2 frilled lizards
  6 kobolds
  2 rats (D:2)
41 creatures vanquished.

Notes
Turn   | Place    | Note
-------+----------+-------------------------------------------
     0 | D:1      | BigDaddyOpFi the Octopode Fighter began the quest for the
                  | Orb.
     0 | D:1      | Reached XP level 1. HP: 16/16 MP: 1/1
   156 | D:1      | Reached XP level 2. HP: 21/21 MP: 2/2
   826 | D:2      | Reached XP level 3. HP: 24/26 MP: 3/3
  1207 | D:2      | Reached XP level 4. HP: 31/31 MP: 4/4
  1397 | D:2      | Slain by a gnoll

Illustrated notes

Levels and vault maps discovered:
D:1:      dpeg_arrival_tiny_d, layout_loops_ring, minmay_pentomino_x2
D:2:      layout_loops_ring

Skill      XL: |  1  2  3  4 |
---------------+-------------+-----
Unarmed Combat | 3 |  3.0
Fighting       | |  3.3
Throwing       | |  0.8
Dodging        | |  3.3
Shields        | |  3.3

Action                     |  1- 3 |  4- 6 || total
---------------------------+-------+-------++-------
  Melee: Unarmed           |    72 |     5 ||    77
         Tentacles         |    18 |     1 ||    19
         Constrict         |    18 |     1 ||    19
         Punch             |     2 |       ||     2
  Throw: Dart              |     7 |     2 ||     9
    Use: Scroll            |     4 |       ||     4
   Stab: Sleeping          |     8 |       ||     8
 Armour: Skin              |    14 |     8 ||    22
  Dodge: Dodged            |    30 |     4 ||    34
  Block: Buckler           |    22 |     4 ||    26
